 Dungeon Crawl Stone Soup version 0.19.4-8-ga85b6b9 (webtiles) character file.

73 esteth the Slasher (level 4, -2/42 HPs)
             Began as a Naga Fighter on Feb 14, 2017.
             Slain by a hobgoblin
             ... wielding a +0 club
             ... led by Robin
              (5 damage)
             ... on level 2 of the Dungeon.
             The game lasted 00:02:18 (1062 turns).

esteth the Slasher (Naga Fighter)                   Turns: 1062, Time: 00:02:19

Health: -2/42      AC:  4    Str: 21 (24) XL:     4   Next: 27%
Magic:  4/4        EV:  5    Int:  6 (9)  God:
Gold:   88         SH:  8    Dex:  7 (10) Spells: 0 memorised, 3 levels left

rFire  . . .     SeeInvis +     a - +2 long sword
rCold  . . .     Gourm    .     b - +0 scale mail
rNeg   . . .     Faith    .     c - +0 shield
rPois  +         Spirit   .     (no helmet)
rElec  .         Reflect  .     (no cloak)
rCorr  .         Harm     .     (no gloves)
MR     .....                    (no barding)
Stlth  ..........               (no amulet)
                                (no ring)
                                (no ring)

@: mighty, very slow
A: see invisible, deformed body, poison resistance, slowness 2, slow metabolism
1, spit poison 1, AC +1
a: Spit Poison


You were on level 2 of the Dungeon.
You were not hungry.

You visited 1 branch of the dungeon, and saw 2 of its levels.

You collected 88 gold pieces.

Inventory:

Hand Weapons
 a - a +2 long sword (weapon)
Armour
 b - a +0 scale mail (worn)
 c - a +0 shield (worn)
Scrolls
 h - a scroll of fear {unknown}
Potions
 g - a potion of magic {unknown}
 j - a potion of resistance {unknown}
 k - a potion of haste {unknown}
 l - a potion of agility {unknown}
Comestibles
 f - 2 bread rations
 i - 3 fruits
 m - a slice of pizza
 n - a chunk of flesh


   Skills:
 - Level 3.0 Fighting
 + Level 4.4 Long Blades
 - Level 2.4 Armour
 - Level 2.4 Shields


You had 3 spell levels left.
You didn't know any spells.

Dungeon Overview and Level Annotations

Branches:
Dungeon (2/15)

Altars:

Annotations:
D:2 Robin


Innate Abilities, Weirdness & Mutations

You cannot wear boots.
Your serpentine skin is tough. (AC +1)
You have supernaturally acute eyesight. (SInv)
Armour fits poorly on your strangely shaped body.
Your system is resistant to poisons. (rPois)
You cover ground very slowly.
You have a slow metabolism.
You can spit poison.


Message History

You kill the goblin!
The hobgoblin hits you with a club.
* * * LOW HITPOINT WARNING * * *
You block the goblin's attack.
You closely miss the goblin. You block the hobgoblin's attack.
The goblin hits you but does no damage. The hobgoblin hits you with a club.
* * * LOW HITPOINT WARNING * * *
You feel very mighty all of a sudden.
The hobgoblin no longer looks unusually strong.
You block the goblin's attack.
Robin roars a battlecry!
The hobgoblin goes into a battle-frenzy!
You block the hobgoblin's attack.
It was a potion of degeneration.
There was something very wrong with that liquid.
You feel weakened.
You feel dopey.
You feel clumsy. The goblin hits you with a dagger.
* * * LOW HITPOINT WARNING * * *
The hobgoblin hits you with a club.
You die...

#.........# ###'#######
#...... #.# ....... ..
#.# ....... ...
#.####### ....... ....
#.##[...###...?..$
....###.##......#gK.....
......#.##......#gg.....
...............†@gg#
.........##....)####
.........##.....#
##.......##.....#
#.......##.....#
#.......##....(#
#.......##.....#
#.......########
#.......#


You could see Robin, 3 hobgoblins, a goblin and a kobold.

Vanquished Creatures
  Jessica (D:2)
  An ooze (D:1)
  A worm (D:2)
  2 dart slugs (D:1)
  A leopard gecko (D:1)
  6 bats (D:1)
  2 giant cockroaches
  9 goblins
  2 hobgoblins
  4 kobolds
  A ball python (D:1)
  A frilled lizard (D:1)
  5 rats (D:1)
36 creatures vanquished.

Notes
Turn   | Place    | Note
-------+----------+-------------------------------------------
     0 | D:1      | esteth the Naga Fighter began the quest for the Orb.
     0 | D:1      | Reached XP level 1. HP: 21/21 MP: 1/1
    79 | D:1      | Reached XP level 2. HP: 12/28 MP: 2/2
   319 | D:1      | Reached skill level 3 in Long Blades
   565 | D:1      | Reached XP level 3. HP: 33/34 MP: 3/3
   899 | D:2      | Noticed Jessica
   908 | D:2      | Killed Jessica
   908 | D:2      | Reached skill level 4 in Long Blades
   908 | D:2      | Reached XP level 4. HP: 41/42 MP: 4/4
  1047 | D:2      | Noticed Robin
  1062 | D:2      | Slain by a hobgoblin

Skill      XL: |  1  2  3 |
---------------+----------+-----
Long Blades    | 3 4 |  4.4
Fighting       | |  3.0
Armour         | |  2.4
Shields        | |  2.4

Action                   |  1- 3 |  4- 6 || total
-------------------------+-------+-------++-------
Melee: Long sword        |   107 |    21 ||   128
  Use: Scroll            |     5 |       ||     5
       Potion            |       |     2 ||     2
Armor: Scale mail        |    53 |    12 ||    65
Dodge: Dodged            |    31 |     9 ||    40
Block: Shield            |    63 |    15 ||    78
       Rpst.: Long sword |     8 |     3 ||    11
